 Dungeon Crawl Stone Soup version 0.31-a0-854-g362426d53f (webtiles) character file.

Game seed: 16481314184275875913

405 Shayle the Trooper (level 6, 0/49 HPs)
             Began as a Demonspawn Warper on Oct 9, 2023.
             Was an Initiate of Ashenzari.
             Succumbed to an adder's poison
             ... on level 5 of the Dungeon.
             The game lasted 00:10:27 (3752 turns).

Shayle the Trooper (Demonspawn Warper)              Turns: 3752, Time: 00:10:28

Health: 0/49       AC:  5    Str: 11    XL:     6   Next: 56%
Magic:  12/12      EV: 27    Int: 17    God:    Ashenzari [......]
Gold:   170        SH:  0    Dex: 14    Spells: 11/13 levels left

rFire   . . .        a - +0 spear
rCold   . . .        (no shield)
rNeg    . . .        p - +2 robe {Will+}
rPois   .            (no helmet)
rElec   .            (no cloak)
rCorr   .            (no gloves)
SInv    .            m - +0 pair of boots
Will    ++...        i - amulet of the acrobat
Stlth   ++           (no ring)
HPRegen 0.28/turn    (no ring)
MPRegen 0.13/turn

%: acrobat
@: lethally poisoned (0 -> -3), acrobatic, enlightened, flying
A: hooves 1, thin skeletal structure 1, ignite blood 2
a: Renounce Religion


You were on level 5 of the Dungeon.
You worshipped Ashenzari.
Ashenzari was noncommittal.
You visited 2 branches of the dungeon, and saw 6 of its levels.

You collected 198 gold pieces.
You spent 28 gold pieces at shops.

Inventory:

Hand Weapons
 a - a +0 spear (weapon)
Missiles
 d - 6 darts of dispersal (quivered)
 h - a throwing net
Armour
 b - a +0 leather armour
 g - an orb of guile
 k - a +0 ring mail
 m - a +0 pair of boots (worn)
 p - a +2 robe of willpower (worn)
Jewellery
 i - an amulet of the acrobat (around neck)
Wands
 j - a wand of iceblast (7)
 r - a wand of flame (26)
 t - a wand of charming (7)
Scrolls
 e - a scroll of silence
 f - a scroll of enchant weapon
 l - a scroll of noise
 o - a scroll of revelation
 q - 5 scrolls of identify


   Skills:
 + Level 4.4 Fighting
 - Level 1.7 Polearms
 - Level 0.8 Throwing
 + Level 3.5 Armour
 - Level 1.7 Dodging
 + Level 4.0 Spellcasting
 - Level 2.6 Translocations


You had 11 spell levels left.
You knew the following spells:

 Your Spells              Type           Power      Damage    Failure   Level
a - Blink                 Tloc           24%        N/A       8%          2

Your spell library contained the following spells:

 Spells                   Type           Power      Damage    Failure   Level
 Lesser Beckoning         Tloc           24%        N/A       8%          2
 Teleport Other           Tloc           12%        N/A       16%         3
 Ensorcelled Hibernation  Hex/Ice        6%         N/A       24%         2
 Jinxbite                 Hex            6%         N/A       24%         2
 Manifold Assault         Tloc           12%        N/A       45%         4
 Vhi's Electric Charge    Tloc/Air       16%        N/A       65%         4
 Anguish                  Hex/Necr       1%         N/A       83%         4


Dungeon Overview and Level Annotations

Branches:
Dungeon (5/15)             Temple (1/1) D:4

Altars:
Ashenzari
Cheibriados
Dithmenos
Fedhas
Gozag
Hepliaklqana
Kikubaaqudgha
Makhleb
Nemelex Xobeh
Okawaru
Qazlal
Trog
Vehumet
Wu Jian
Xom

Shops:
D:1 ?   D:4 (

Portals:
Sewer: D:5

Annotations:
D:2 Sigmund
D:5 1 runed translucent door, Crazy Yiuf, Dowan, Duvessa, Eustachio


Innate Abilities, Weirdness & Mutations

You have large cloven feet.
You have a somewhat thin skeletal structure. (Dex +2, Stealth+)
Your demonic aura often causes spilled blood to erupt in flames.


Message History

The adder is heavily wounded.
You hear the rusting of a drain.
The adder closely misses you. x2; The adder bites you.
* * * LOW HITPOINT WARNING * * *
You are poisoned.
The adder poisons you!
It was a potion of enlightenment.
You feel very buoyant.
You fly up into the air.
You feel sick. The adder bites you but does no damage.
The adder barely misses you.
As you read the scroll labelled LICEBU ZYPSUASH, it crumbles to dust.
You feel strangely unstable.
It was a scroll of teleportation.
You feel sick. The adder bites you.
* * * LOW HITPOINT WARNING * * *
You are lethally poisoned!
The adder poisons you! The adder barely misses you. The adder bites you.
* * * LOW HITPOINT WARNING * * *
You hit the adder.
The adder is severely wounded.
* * * LOW HITPOINT WARNING * * *
You feel sick. The adder closely misses you.
The adder bites you but does no damage.
Unknown command.
You miss the adder.
The adder is severely wounded.
Your surroundings suddenly seem different.
* * * LOW HITPOINT WARNING * * *
You feel sick.
Eustachio shouts!
The iguana hisses angrily.
Eustachio mumbles some strange words.
Eustachio blinks!
Unknown command.
* * * LOW HITPOINT WARNING * * *
You feel sick.
* * * LOW HITPOINT WARNING * * *
You feel sick.
You aren't carrying any potions.
Okay, then.
A sleepcap comes into view.
You die...

#f..# ##...# ####
#....# ...) #
#....###. #..
#### #.#.......
#.# #..) ......#
#.# #...
#....#####.# ...
##.@........# #+#
#....#.....##
♣♣.♣
#.#....###.###
♣.♣♣
#.#...<###l..#
♣♣.♣
#.#..........#
♣.♣♣
>@............#
♣♣.♣♣
..l..##...##..#
♣..P♣
.........#.....#
♣.P.P
.......##$###.†.#
##..#


You could see a sleepcap (dormant).

Vanquished Creatures
  2 scorpions
  Jessica (D:3)
  3 iguanas
  5 adders
  4 gnolls (D:4)
  2 worms
  4 dart slugs
  5 orcs
  6 bats
  4 endoplasms
  3 giant cockroaches
  3 goblins
  9 hobgoblins
  4 jackals (D:4)
  5 quokkas
  8 ball pythons
  A frilled lizard (D:2)
  10 kobolds
  4 rats
83 creatures vanquished.

Notes
Turn   | Place    | Note
-------+----------+-------------------------------------------
     0 | D:1      | Shayle the Demonspawn Warper began the quest for the Orb.
     0 | D:1      | Reached XP level 1. HP: 16/16 MP: 3/3
    24 | D:1      | Reached skill level 1 in Armour
   338 | D:1      | Gained mutation: You have a somewhat thin skeletal
                  | structure. (Dex +2, Stealth+) [demonic ancestry]
   338 | D:1      | Reached XP level 2. HP: 19/22 MP: 5/5
   361 | D:1      | Found a faded altar of an unknown god.
   525 | D:1      | Found Kufruybo's Magic Scroll Shoppe.
   535 | D:1      | Bought a scroll of identify for 28 gold pieces
  1289 | D:2      | Noticed Sigmund
  1345 | D:3      | Gained mutation: Your demonic aura sometimes causes spilled
                  | blood to erupt in flames. [demonic ancestry]
  1345 | D:3      | Reached XP level 3. HP: 12/28 MP: 6/6
  1595 | D:3      | Learned a level 2 spell: Blink
  1915 | D:2      | Gained mutation: Your demonic aura often causes spilled
                  | blood to erupt in flames. [demonic ancestry]
  1915 | D:2      | Reached XP level 4. HP: 35/35 MP: 8/8
  2193 | D:3      | Noticed Jessica
  2211 | D:3      | Killed Jessica
  2556 | D:4      | Found Ittitaal's Antique Weapon Emporium.
  2716 | D:4      | Gained mutation: You have large cloven feet. [demonic
                  | ancestry]
  2716 | D:4      | Reached XP level 5. HP: 41/41 MP: 9/9
  2744 | D:4      | Found an ancient bone altar of Kikubaaqudgha.
  2753 | D:4      | Found an opulent altar of Gozag.
  2887 | D:4      | Found a shadowy altar of Dithmenos.
  3247 | D:4      | Reached XP level 6. HP: 48/48 MP: 11/11
  3418 | D:4      | Found a staircase to the Ecumenical Temple.
  3427 | Temple   | Entered the Ecumenical Temple
  3476 | Temple   | Became a worshipper of Ashenzari the Shackled
  3544 | D:5      | Entered Level 5 of the Dungeon
  3580 | D:5      | Noticed Eustachio
  3662 | D:5      | Found a runed translucent door.
  3663 | D:5      | Noticed Crazy Yiuf
  3706 | D:5      | Found a glowing drain.
  3725 | D:5      | Noticed Duvessa
  3725 | D:5      | Noticed Dowan
  3749 | D:5      | HP: 2/49 [poisoned by an adder]
  3752 | D:5      | Succumbed to an adder's poison

Illustrated notes

Levels and vault maps discovered:
D:1:      evilmike_arrival_plus, layout_basic,
          shapermc_ecumenical_altar_mp_urbaneastern, serial_shops,
          nicolae_shop_peninsula, minmay_misc_feat_alley, chequers_big_river,
          kennysheep_another_room, minmay_strange_pillars
D:2:      minmay_chambers_of_ones, layout_basic, corexii_corridor_pit,
          uniq_sigmund
D:3:      layout_loops_cross, uniq_jessica
D:4:      layout_basic, mainiacjoe_overflow_big_doors,
          nicolae_dithmenos_shadow_blocks, minmay_temple_entry_poolview,
          serial_shops, shop
D:5:      layout_rooms, gup_sewer_entry_glass, uniq_eustachio,
          uniq_crazy_yiuf_cottage, uniq_duvessa
Temple:   bh_familiar_temple

Skill      XL: |  1  2  3  4  5  6 |
---------------+-------------------+-----
Armour         | 1 2 3 |  3.5
Fighting       | 3 4 |  4.4
Spellcasting   | 3 4 |  4.0
Polearms       | |  1.7
Throwing       | |  0.8
Dodging        | |  1.7
Translocations | |  2.6

Action                     |  1- 3 |  4- 6 || total
---------------------------+-------+-------++-------
  Melee: Spear             |   175 |   246 ||   421
         Punch             |     2 |     2 ||     4
  Throw: Dart              |     1 |       ||     1
    Use: Scroll            |     2 |     5 ||     7
         Potion            |     2 |     4 ||     6
   Stab: Sleeping          |     3 |     6 ||     9
 Armour: Leather armour    |    83 |       ||    83
         Ring mail         |     4 |    28 ||    32
         Robe              |       |   113 ||   113
  Dodge: Dodged            |   117 |   192 ||   309

Table legend: (Time is in decaauts)
 A = Elapsed time spent in this place.
 B = Non-inter-level travel time spent in this place.
 C = Inter-level travel time spent in this place.
 D = Time resting spent in this place.
 E = Time spent auto-exploring this place.
 F = Levels seen in this place.
 G = Mean time per level.
                   A        B        C        D        E       F      G
               +--------+--------+--------+--------+--------+-----+--------+
         Total |   3765 |   3608 |    157 |    215 |   2142 |   6 |  627.5 |
       Dungeon |   3680 |   3576 |    104 |    215 |   2142 |   5 |  736.0 |
        Temple |     84 |     31 |     53 |      0 |      0 |   1 |   84.0 |
               +--------+--------+--------+--------+--------+-----+--------+

Top non-repeatable levels by time:
     D:1: 1165 daAuts
     D:4: 940 daAuts
     D:3: 841 daAuts
     D:2: 559 daAuts
     D:5: 174 daAuts
  Temple: 84 daAuts
